 Dungeon Crawl Stone Soup version 0.32-a0-975-g85d4e5bfdb (webtiles) character file.

Game seed: 10547334337064706539

353 Fodor the Chopper (level 6, -8/56 HPs)
             Began as a Minotaur Fighter on Apr 19, 2024.
             Mangled by an orc
             ... wielding a +0 halberd
              (11 damage)
             ... in a bailey.
             The game lasted 00:10:06 (2931 turns).

Fodor the Chopper (Minotaur Fighter)                Turns: 2931, Time: 00:10:10

Health: -8/56      AC:  7    Str: 19 (22) XL:     6   Next: 35%
Magic:  5/5        EV:  8    Int:  3 (5)  God:
Gold:   213        SH:  4    Dex:  7 (10) Spells: 5/5 levels left

rFire   . . .        a - +0 war axe
rCold   . . .        c - +0 buckler
rNeg    . . .        b - +0 scale mail
rPois   .            (helmet restricted)
rElec   .            (no cloak)
rCorr   .            (no gloves)
SInv    .            (no boots)
Will    .....        (no amulet) Stlth
                     i - ring of flight
HPRegen 0.29/turn    (no ring)
MPRegen 0.09/turn

%: no passive effects
@: flying
A: horns 2, retaliatory headbutt
a: no special abilities


You were in a bailey.
You visited 1 branch of the dungeon, and saw 5 of its levels.
You also visited: Bailey.

You collected 213 gold pieces.

Inventory:

Hand Weapons
 a - a +0 war axe (weapon)
Missiles
 e - 3 boomerangs (quivered)
Armour
 b - a +0 scale mail (worn)
 c - a +0 buckler (worn)
Jewellery
 i - a ring of flight (left hand)
 n - a ring of fire
Talismans
 m - a serpent talisman
Wands
 p - a wand of mindburst (9)
Scrolls
 h - a scroll of blinking
 k - a scroll of poison
 l - a scroll of butterflies
Potions
 d - 2 potions of might
 f - a potion of curing {unknown}


   Skills:
 + Level 5.2 Fighting
 + Level 5.4 Axes
 + Level 0.8 Throwing
 + Level 5.0 Armour
 + Level 1.0 Dodging
 + Level 0.2 Stealth
 + Level 4.4 Shields


You had 5 spell levels left.
You didn't know any spells.
Your spell library contained the following spells:

 Spells                   Type           Power      Damage    Failure   Level
 Apportation              Tloc           0%         N/A       91%         1
 Freeze                   Ice            0%         1d3       91%         1
 Call Imp                 Summ           0%         N/A       97%         2
 Jinxbite                 Hex            0%         N/A       97%         2
 Sublimation of Blood     Necr           0%         N/A       97%         2
 Alistair's Intoxication  Alch           0%         N/A       100%        5
 Freezing Cloud           Conj/Ice/Air   0%         6-21      100%        5
 Summon Hydra             Summ           0%         N/A       100%        7
 Polar Vortex             Ice            0%         N/A       100%        9


Dungeon Overview and Level Annotations

Branches:
Dungeon (7/15)             Bailey (1/1)
 Temple: D:4-7

Altars:
Kikubaaqudgha


Innate Abilities, Weirdness & Mutations

You have a pair of horns on your head.
You reflexively headbutt those who attack you in melee.


Message History

The orc hits you from afar with a +0 trident!
The orc barely misses you. The orc hits you with a +0 trident.
You closely miss the orc. The orc warrior closely misses you.
The orc hits you from afar with a +0 trident!
The orc closely misses you. x2; You furiously retaliate!
You headbutt the orc!
You kill the orc!
The orc warrior closely misses you. The orc hits you but does no damage. x2
You block the orc's attack.
Things that are here:
a +0 trident; an orc corpse You slash the orc warrior!
The orc warrior is heavily wounded.
You barely miss the orc.
The orc warrior hits you but does no damage.
The orc closely misses you. You block the orc's attack. x2
You slash the orc warrior!
You kill the orc warrior!
You hit the orc.
The orc hits you from afar with a +0 trident.
The orc hits you with a +0 spear.
* * * LOW HITPOINT WARNING * * *
You block the orc's attack. x2
The orc hits you from afar with a +0 trident.
* * * LOW HITPOINT WARNING * * *
The orc hits you but does no damage.
Your Armour skill increases to level 5!
Your Dodging skill increases to level 1!
You have reached level 6!
It was a potion of magic.
Magic courses through your body. The orc barely misses you.
The orc hits you from afar with a +0 halberd.
* * * LOW HITPOINT WARNING * * *
The orc closely misses you.
It was a potion of degeneration.
There was something very wrong with that liquid.
You feel weakened.
You feel dopey.
You feel clumsy.
The orc hits you from afar with a +0 trident.
* * * LOW HITPOINT WARNING * * *
The orc hits you from afar with a +0 halberd!
You die...

############
#.o)@....∩.##
#...o)#).....#
#...o###.....#
+...o.ß.....∩#
#....###.....#
#.... #......#
##........∩.##
############


You could see 4 orcs.

Vanquished Creatures
  An orc warrior (Bailey)
  A hound (D:4)
  An orc wizard (D:3)
  4 gnolls (D:4)
  6 adders
  7 ribbon worms
  15 orcs
  9 ball pythons
  A bat (D:3)
  4 endoplasms
  5 giant cockroaches
  5 goblins
  9 hobgoblins
  3 quokkas
  5 frilled lizards
  5 kobolds
  6 rats
87 creatures vanquished.

Notes
Turn   | Place    | Note
-------+----------+-------------------------------------------
     0 | D:1      | Fodor the Minotaur Fighter began the quest for the Orb.
     0 | D:1      | Reached XP level 1. HP: 19/19 MP: 0/0
    88 | D:1      | Reached XP level 2. HP: 27/27 MP: 1/1
   313 | D:1      | Got the Essays on Snow
   720 | D:2      | Reached XP level 3. HP: 21/33 MP: 2/2
  1141 | D:2      | Reached XP level 4. HP: 22/41 MP: 3/3
  1895 | D:3      | Reached XP level 5. HP: 39/47 MP: 4/4
  2674 | D:4      | Reached skill level 5 in Fighting
  2751 | D:4      | Found an ancient bone altar of Kikubaaqudgha.
  2807 | D:4      | You are sucked into a shaft and drop 3 floors!
  2813 | D:7      | Reached skill level 5 in Axes
  2900 | D:7      | Found a flagged portal.
  2914 | Bailey   | Entered a bailey
  2921 | Bailey   | Noticed an orc warrior
  2929 | Bailey   | Killed an orc warrior
  2930 | Bailey   | Reached skill level 5 in Armour
  2930 | Bailey   | Reached skill level 1 in Dodging
  2930 | Bailey   | Reached XP level 6. HP: 12/56 MP: 5/5
  2931 | Bailey   | Mangled by an orc

Illustrated notes

Levels and vault maps discovered:
D:1:      shiori_arrival_oz, layout_basic
D:2:      layout_basic, nicolae_wormholes
D:3:      layout_loops_cross, kennysheep_boxes
D:4:      layout_basic, nicolae_dithmenos_shadow_blocks,
          mainiacjoe_overflow_alcove_4, kennysheep_generic_room_13
D:7:      layout_basic, serial_co_window_serial, co_window_corner_a,
          co_window_paths_a, co_window_paths_a, co_window_paths_a,
          co_window_paths_b, co_window_paths_a, co_window_of_opportunity_c,
          co_window_corner_cb, co_window_of_opportunity_b, co_window_broadway_b,
          co_window_corner_b, co_window_unsneaky_path_b,
          co_window_unsneaky_path_b, glass_columns_a, glass_columns_c,
          enter_bailey_2, water_boxes_lemuel
Bailey:   bailey_polearm_5, bailey

Skill      XL: |  1  2  3  4  5 |
---------------+----------------+-----
Armour         | 4 5 |  5.0
Fighting       | 4 5 |  5.2
Axes           | 3 4 5 |  5.4
Shields        | 4 |  4.4
Dodging        | 1 |  1.0
Throwing       | |  0.8
Stealth        | |  0.2

Action                     |  1- 3 |  4- 6 || total
---------------------------+-------+-------++-------
  Melee: War axe           |    91 |    88 ||   179
         Headbutt          |     6 |    11 ||    17
  Throw: Boomerang         |    11 |     9 ||    20
    Use: Scroll            |       |     3 ||     3
         Potion            |       |     2 ||     2
 Armour: Scale mail        |    92 |   110 ||   202
  Dodge: Dodged            |    37 |    46 ||    83
  Block: Buckler           |    23 |    38 ||    61

Table legend: (Time is in decaauts)
 A = Elapsed time spent in this place.
 B = Non-inter-level travel time spent in this place.
 C = Inter-level travel time spent in this place.
 D = Time resting spent in this place.
 E = Time spent auto-exploring this place.
 F = Levels seen in this place.
 G = Mean time per level.
                   A        B        C        D        E       F      G
               +--------+--------+--------+--------+--------+-----+--------+
         Total |   3000 |   2910 |     90 |     87 |   2101 |   6 |  500.0 |
       Dungeon |   2982 |   2892 |     90 |     87 |   2097 |   5 |  596.4 |
        Bailey |     18 |     18 |      0 |      0 |      4 |   1 |   18.0 |
               +--------+--------+--------+--------+--------+-----+--------+

Top non-repeatable levels by time:
     D:3: 818 daAuts
     D:2: 817 daAuts
     D:1: 706 daAuts
     D:4: 530 daAuts
     D:7: 109 daAuts
  Bailey: 18 daAuts
